AoeStats
← armo345

MegaRandom

510770619Analyzed
4v4 RM · 14h ago on Oct 2, 2026· 43m 26s· 8 players
Game mode
Random Map
Map size
Large (8 player)
Population
200
Speed
Normal
Resources
Standard
Victory
Conquest
Starting age
Dark Age
Ending age
Imperial Age
RankedLock teamsTeams togetherTeam positionsShared explorationLock speedFull tech treeHidden civsTurbo modeCheats
Victory
Defeat
🇹🇷 Koreans · Türkiye
755
+16
🇺🇸 Aztecs · United States
741
+17
🇬🇧 Mongols · United Kingdom
693
+19
🇪🇸 Franks · Spain
629
+21
🇸🇪 Danes · Sweden
820
-21
738
-18
🇦🇷 Lithuanians · Argentina
735
-17
🇸🇪 Italians · Sweden
711
-17
Xx-Antrax-Xx44
10:52 Feudal Age
12:07 Loom
19:06 Castle Age
26:06 Squires
25:52 Arson
25:29 Eagle Warrior
31:24 Gambesons
35:05 Imperial Age
36:10 Conscription
38:10 Atlatl
38:30 Garland Wars
38:37 Pikeman
39:36 Scale Mail Armor
40:01 Forging
42:29 Iron Casting
42:09 Chain Mail Armor
45:00 Blast Furnace
Nano
8:10 Loom
9:55 Feudal Age
11:46 Double-Bit Axe
15:11 Wheelbarrow
15:51 Bloodlines
23:47 Castle Age
24:08 Gold Mining
29:26 Pikeman
35:05 Hand Cart
zenpegasus4
12:58 Feudal Age
11:17 Loom
15:10 Gold Mining
18:51 Castle Age
17:58 Stone Mining
19:41 Double-Bit Axe
20:07 Scale Barding Armor
21:06 Squires
20:47 Pikeman
24:07 Husbandry
31:53 Scale Mail Armor
33:33 Bow Saw
37:39 Squires
42:41 Imperial Age
40:48 Wheelbarrow
42:14 Caravan
LazEmpire
10:36 Feudal Age
11:18 Double-Bit Axe
11:58 Fishing Lines
19:56 Castle Age
19:38 Fletching
19:59 Forging
20:31 Gillnets
20:17 Crossbowman
21:03 Thumb Ring
22:14 Gold Mining
22:18 Stone Mining
23:45 Husbandry
31:24 Iron Casting
36:00 Imperial Age
33:19 Town Watch
34:11 Wheelbarrow
33:53 Bow Saw
36:06 Arbalester
36:52 Bodkin Arrow
39:32 Chemistry
38:50 Bracer
40:39 Ballistics
Orreslayer
6:00 Loom
12:32 Feudal Age
17:36 Castle Age
18:00 Scale Mail Armor
18:11 Forging
18:11 Gambesons
18:40 Squires
19:59 Chain Mail Armor
20:50 Double-Bit Axe
29:06 Stone Mining
29:08 Gold Mining
31:53 Hamask
34:14 Bow Saw
33:56 Horse Collar
35:22 Elite Skirmisher
35:56 Fletching
36:07 Padded Archer Armor
36:59 Thumb Ring
40:47 Imperial Age
39:37 Leather Archer Armor
40:40 Wheelbarrow
41:36 Thumb Ring
41:56 Conscription
armo345
11:41 Feudal Age
13:36 Double-Bit Axe
14:08 Man-at-Arms
18:29 Fishing Lines
22:31 Castle Age
21:43 Horse Collar
24:24 Heavy Plow
25:37 Gillnets
26:42 Forging
26:38 Scale Barding Armor
26:28 Long Swordsman
28:56 Gold Mining
29:00 Stone Mining
30:21 Bow Saw
32:58 Scale Mail Armor
32:49 Fletching
35:06 Bodkin Arrow
35:13 Padded Archer Armor
36:25 Wheelbarrow
36:41 Ballistics
39:00 Imperial Age
41:34 Two-Handed Swordsman
43:34 Two-Man Saw
43:22 Stone Shaft Mining
43:14 Conscription
42:59 Champion
Luciano24cm
11:18 Loom
13:49 Feudal Age
14:44 Double-Bit Axe
16:58 Stone Mining
29:46 Castle Age
37:27 Bow Saw
木木木木木木丶安
0:31 Loom
14:47 Feudal Age
16:29 Wheelbarrow
15:42 Double-Bit Axe
15:38 Horse Collar
15:52 Gold Mining
20:01 Town Watch
22:40 Castle Age
22:48 Castle Age
21:40 Stone Mining
24:11 Hand Cart
25:34 Bow Saw
25:26 Heavy Plow
26:08 Gold Shaft Mining
28:46 Squires
30:10 Detinets
36:17 Bloodlines
36:09 Husbandry
35:33 Pikeman
37:58 Fishing Lines
Connection lost

Rejoining the realm…

Still unreachable

The connection could not be restored.

Session expired

The server has moved on; the page needs a fresh start.